AoeStats
← Janaus

Black Forest

509639307Analyzed
2v2 RM · 6d ago on Sep 27, 2026· 47m 24s· 4 players
Game mode
Random Map
Map size
Medium (4 player)
Population
200
Speed
Normal
Resources
Standard
Victory
Conquest
Starting age
Dark Age
Ending age
Imperial Age
RankedLock teamsTeams togetherTeam positionsShared explorationLock speedFull tech treeHidden civsTurbo modeCheats
Victory
Defeat
🇨🇭 Persians · Switzerland
871
+16
🇨🇭 Magyars · Switzerland
730
+21
🇫🇷 Italians · France
915
-21
🇫🇷 Gurjaras · France
793
-16
Parrandista
13:06 Feudal Age
11:48 Loom
15:06 Horse Collar
15:27 Double-Bit Axe
20:24 Castle Age
21:21 Scale Barding Armor
22:05 Bow Saw
22:17 Heavy Plow
22:54 Gold Mining
23:12 Stone Mining
28:53 Wheelbarrow
33:24 Imperial Age
31:17 Husbandry
31:27 Bloodlines
31:44 Chain Barding Armor
31:35 Forging
33:21 Elite War Elephant
34:34 Hand Cart
35:46 Two-Man Saw
39:39 Stone Shaft Mining
39:43 Gold Shaft Mining
40:30 Conscription
41:47 Caravan
Janaus
11:58 Feudal Age
10:17 Loom
17:30 Castle Age
16:25 Double-Bit Axe
16:23 Horse Collar
18:36 Loom
20:10 Bow Saw
22:08 Wheelbarrow
22:14 Heavy Plow
24:03 Gold Mining
24:38 Thumb Ring
25:17 Fletching
30:29 Elite Skirmisher
32:42 Bodkin Arrow
34:05 Corvinian Army
38:35 Imperial Age
37:06 Ballistics
38:44 Padded Archer Armor
40:23 Crop Rotation
41:17 Bracer
42:49 Chemistry
45:31 Hand Cart
Guiguilec
9:15 Loom
16:31 Feudal Age
19:06 Horse Collar
19:40 Gold Mining
21:35 Forging
22:55 Fletching
23:06 Double-Bit Axe
23:46 Scale Barding Armor
26:11 Castle Age
24:33 Stone Mining
27:34 Bloodlines
29:07 Gold Shaft Mining
29:01 Husbandry
30:33 Iron Casting
30:19 Chain Barding Armor
33:06 Wheelbarrow
33:22 Heavy Plow
34:14 Town Watch
35:15 Town Patrol
36:48 Stone Shaft Mining
37:23 Hand Cart
37:36 Bodkin Arrow
38:32 Bow Saw
38:35 Caravan
42:05 Imperial Age
41:40 Kshatriyas
42:20 Heavy Camel Rider
43:42 Plate Barding Armor
BLeu Roy
9:32 Loom
11:17 Feudal Age
14:58 Castle Age
13:19 Double-Bit Axe
13:41 Horse Collar
16:23 Fishing Lines
17:01 Gillnets
17:42 Heavy Plow
19:01 Wheelbarrow
21:35 Bow Saw
28:51 Hand Cart
28:22 Loom
28:23 Town Watch
29:26 Ballistics
29:17 Masonry
29:20 Fortified Wall
30:13 Fletching
30:24 Padded Archer Armor
31:38 Gold Mining
33:31 Herbal Medicine
34:58 Silk Road
34:51 Caravan
35:25 Bodkin Arrow
36:28 Treadmill Crane
40:32 Imperial Age
41:03 Leather Archer Armor
40:59 Forging
40:56 Scale Barding Armor
41:35 Conscription
41:51 Hoardings
41:57 Architecture
42:28 Chemistry
42:44 Conscription
42:37 Thumb Ring
42:34 Bracer
43:06 Ring Archer Armor
43:12 Iron Casting
44:39 Elite Genoese Crossbowman
Connection lost

Rejoining the realm…

Still unreachable

The connection could not be restored.

Session expired

The server has moved on; the page needs a fresh start.